 Dungeon Sprint DCSS version 0.31-a0-1074-g0b22e4e0f1 (webtiles) character file.

Game seed: 10987529467942531827

2447 tbh1313 the Bludgeoner (level 9, -1/133 HPs)
             Began as an Ogre Berserker on Nov 28, 2023.
             Was an Elder of Trog.
             Slain by a demonic crawler (10 damage)
             ... in the Dungeon (Sprint I: "Red Sonja").
             The game lasted 00:03:08 (563 turns).

tbh1313 the Bludgeoner (Ogre Berserker)              Turns: 563, Time: 00:03:09

Health: -1/133     AC:  3    Str: 27    XL:     9   Next: 49%
Magic:  9/9        EV: 10    Int:  8    God:    Trog [****..]
Gold:   405        SH:  0    Dex:  8    Spells: 8/8 levels left

rFire   . . .        a - +0 giant spiked club
rCold   . . .        (shield currently unavailable)
rNeg    . . .        j - +0 robe
rPois   .            (helmet restricted)
rElec   .            (no cloak)
rCorr   .            (gloves unavailable)
SInv    .            (boots unavailable)
Will    .....        (no amulet) Stlth
                     (no ring)
HPRegen 0.42/turn    (no ring)
MPRegen 0.11/turn

%: no teleportation
@: berserking, very quick
A: large, unfitting armour, tough skin 1
a: Renounce Religion, Berserk, Trog's Hand, Brothers in Arms


You were in the Dungeon.
You worshipped Trog.
Trog was greatly pleased with you.
You visited 1 branch You collected 405 gold pieces.

Inventory:

Hand Weapons
 a - a +0 giant spiked club (weapon)
Armour
 j - a +0 robe (worn)
Wands
 i - a wand of charming (10)
Scrolls
 h - a scroll of blinking
Potions
 c - a potion of curing
 d - a potion of heal wounds
 e - a potion of haste
 f - 2 potions of magic
 g - a potion of berserk rage


   Skills:
 - Level 6.0 Fighting
 + Level 18.5 Maces & Flails
 - Level 5.0 Dodging


You had 8 spell levels left.
You didn't know any spells.
Your spell library was empty.

Dungeon Overview and Level Annotations

Branches:
Dungeon (1/1)

Altars:
Cheibriados
Dithmenos
Elyvilon
Fedhas
Gozag
Hepliaklqana
Kikubaaqudgha
Makhleb
Nemelex Xobeh
Okawaru
Qazlal
Ru
Sif Muna
Trog
Uskayaw
Vehumet
Wu Jian
Xom
Yredelemnul
Zin
The Shining One
Jiyva
Lugonu

Shops:
D :


Innate Abilities, Weirdness & Mutations

You are too large for most types of armour.
You have tough skin. (AC +1)


Message History

The demonic crawler hits you. The demonic crawler hits you!
The demonic crawler hits you. The demonic crawler closely misses you.
You bludgeon the demonic crawler!!
You kill the demonic crawler!
Trog accepts your kill.
You can now call in reinforcements.
Your Maces & Flails skill increases to level 17!
You have reached level 9!
Your experience leads to an increase in your attributes!
Increase (s)trength, (i)ntelligence, or (d)exterity?
You feel stronger. x3
You bludgeon the demonic crawler!!
The demonic crawler is severely wounded.
You hit the demonic crawler.
The demonic crawler is heavily wounded.
The demonic crawler barely misses you. The demonic crawler closely misses you.
The demonic crawler barely misses you. x2; The demonic crawler hits you.
The demonic crawler closely misses you.
You completely miss the demonic crawler.
The demonic crawler is heavily wounded.
The demonic crawler hits you!
* * * LOW HITPOINT WARNING * * *
The demonic crawler closely misses you. The demonic crawler hits you!
* * * LOW HITPOINT WARNING * * *
The demonic crawler hits you!
* * * LOW HITPOINT WARNING * * *
The demonic crawler hits you but does no damage.
The demonic crawler closely misses you.
You skewer the demonic crawler like a kebab!!!
You kill the demonic crawler!
Trog accepts your kill.
Your Maces & Flails skill increases to level 18!
You barely miss the demonic crawler. You puncture the demonic crawler!
The demonic crawler is moderately wounded.
The demonic crawler closely misses you. x3
You are too berserk!
You skewer the demonic crawler like a kebab!!!
The demonic crawler is almost dead.
The demonic crawler barely misses you. The demonic crawler hits you!
You die...

##################
.#..'..#__#..)...#
.'[.#..'..'.)#..s##+#
'#####'#__####..@s..#
.#...#.#### #####..+
##..##.# ## _##'#_.+
..'..._# _##_.#'#
_###+#.# ## ###


You could see 2 demonic crawlers.

Levels and vault maps discovered:
D:        dungeon_sprint_1 [red_sonja_temple_1, red_sonja_temple_small_1]

Notes
Turn   | Place    | Note
-------+----------+-------------------------------------------
     0 | D        | tbh1313 the Ogre Berserker began the quest for the Orb.
     0 | D        | Reached XP level 1. HP: 24/24 MP: 1/1
     1 | D        | Noticed Ijyb
    12 | D        | Killed Ijyb
    13 | D        | Reached skill level 5 in Maces & Flails
    13 | D        | Reached XP level 2. HP: 30/32 MP: 2/2
    13 | D        | Reached XP level 3. HP: 37/39 MP: 3/3
    62 | D        | Noticed an ogre
    68 | D        | Killed an ogre
    69 | D        | Reached skill level 8 in Maces & Flails
    69 | D        | Reached XP level 4. HP: 48/48 MP: 4/4
   113 | D        | Noticed Sigmund
   124 | D        | Killed Sigmund
   124 | D        | Reached ** piety under Trog
   125 | D        | Reached skill level 10 in Maces & Flails
   125 | D        | Reached skill level 5 in Dodging
   125 | D        | Reached XP level 5. HP: 59/59 MP: 5/5
   125 | D        | Reached XP level 6. HP: 67/67 MP: 6/6
   196 | D        | Found an ornate altar of the Wu Jian Council.
   196 | D        | Found a shimmering blue altar of Sif Muna.
   198 | D        | Found a radiant altar of Vehumet.
   412 | D        | Found Raruomn's Book Emporium.
   412 | D        | Found an ancient bone altar of Kikubaaqudgha.
   412 | D        | Found a hazy altar of Hepliaklqana.
   412 | D        | Found a stormy altar of Qazlal.
   412 | D        | Found a hide-covered altar of Uskayaw.
   412 | D        | Found a blossoming altar of Fedhas.
   412 | D        | Found a bloodstained altar of Trog.
   412 | D        | Found an iron altar of Okawaru.
   412 | D        | Found a basalt altar of Yredelemnul.
   412 | D        | Found a glowing golden altar of the Shining One.
   412 | D        | Found a snail-covered altar of Cheibriados.
   412 | D        | Found a sacrificial altar of Ru.
   412 | D        | Found a glowing silver altar of Zin.
   412 | D        | Found a shadowy altar of Dithmenos.
   412 | D        | Found a white marble altar of Elyvilon.
   412 | D        | Noticed a yak
   416 | D        | Killed a yak
   417 | D        | Reached skill level 12 in Maces & Flails
   417 | D        | Reached XP level 7. HP: 65/75 MP: 7/7
   418 | D        | Found an opulent altar of Gozag.
   432 | D        | Found a sparkling altar of Nemelex Xobeh.
   447 | D        | Found a viscous altar of Jiyva.
   447 | D        | Found a corrupted altar of Lugonu.
   447 | D        | Noticed a slime creature
   448 | D        | Found a burning altar of Makhleb.
   448 | D        | Found a shimmering altar of Xom.
   452 | D        | Killed a slime creature
   453 | D        | Reached skill level 13 in Maces & Flails
   493 | D        | Noticed a kobold demonologist
   493 | D        | Noticed a glass eye
   494 | D        | Noticed a kobold demonologist
   500 | D        | Killed a glass eye
   500 | D        | Reached *** piety under Trog
   501 | D        | Reached skill level 14 in Maces & Flails
   507 | D        | Noticed a chaos spawn
   507 | D        | Killed a kobold demonologist
   508 | D        | Reached skill level 15 in Maces & Flails
   508 | D        | Reached XP level 8. HP: 83/83 MP: 8/8
   512 | D        | Killed a kobold demonologist
   512 | D        | Reached **** piety under Trog
   513 | D        | Reached skill level 16 in Maces & Flails
   552 | D        | Noticed a demonic crawler
   552 | D        | Noticed a demonic crawler
   552 | D        | Noticed a demonic crawler
   552 | D        | Noticed a demonic crawler
   556 | D        | Killed a demonic crawler
   557 | D        | Reached skill level 17 in Maces & Flails
   557 | D        | Reached XP level 9. HP: 43/89 MP: 9/9
   559 | D        | HP: 8/133 [demonic crawler (13)]
   560 | D        | Killed a demonic crawler
   561 | D        | Reached skill level 18 in Maces & Flails
   563 | D        | Slain by a demonic crawler

Table legend: (Time is in decaauts)
 A = Elapsed time spent in this place.
 B = Non-inter-level travel time spent in this place.
 C = Inter-level travel time spent in this place.
 D = Time resting spent in this place.
 E = Time spent auto-exploring this place.
 F = Levels seen in this place.
 G = Mean time per level.
                   A        B        C        D        E       F      G
               +--------+--------+--------+--------+--------+-----+--------+
         Total |    600 |    600 |      0 |    423 |      1 |   1 |  600.0 |
       Dungeon |    600 |    600 |      0 |    423 |      1 |   1 |  600.0 |
               +--------+--------+--------+--------+--------+-----+--------+

Top non-repeatable levels by time:
       D: 600 daAuts

Table legend:
 A = Kills in this place as a percentage of kills in the entire game.
 B = Kills by you in this place as a percentage of kills by you in the entire game.
 C = Kills by friends in this place as a percentage of kills by friends in the entire game.
 D = Other kills in this place as a percentage of other kills in the entire game.
 E = Experience gained in this place as a percentage of experience gained in the entire game.
 F = Experience gained in this place divided by the number of levels of this place that you have seen.
                   A       B       C       D       E      F
               +-------+-------+-------+-------+-------+----------------------
         Total | 100.0 | 100.0 |   N/A |   N/A | 100.0 | 3496.0
       Dungeon | 100.0 | 100.0 |   N/A |   N/A | 100.0 | 3496.0
               +-------+-------+-------+-------+-------+----------------------

Action                     |  1- 3 |  4- 6 |  7- 9 || total
---------------------------+-------+-------+-------++-------
  Melee: Mace              |    10 |     8 |       ||    18
         Giant spiked club |       |     7 |    31 ||    38
 Invoke: Berserk           |     2 |     1 |     2 ||     5
    Use: Scroll            |       |     3 |       ||     3
 Armour: Animal skin       |     3 |     4 |       ||     7
         Robe              |       |     6 |    26 ||    32
  Dodge: Dodged            |     5 |     3 |    22 ||    30

Vanquished Creatures
  2 demonic crawlers (D)
  2 kobold demonologists (D)
  A glass eye (D)
  A slime creature (D)
  Sigmund (D)
  A yak (D)
  An ogre (D)
  A jelly (D)
  Ijyb (D)
11 creatures vanquished.
